greben, lawful female dwarven Valkyrie ----- ------ ------- #####################....| |....)# #-.....-# ---------- # |...| #.....|# #|..{..|# |........|### |...| #|...#|# #|.....|# |........-# #-....# #|....|# #-------# --------|- ##%|...|# %------# #### # # # -----# ### # # # # ### # # # # # # # # # # # # # ----------# # # # # # # ##.........-# # # ### # ## # # |........| # # #-------# #----------- # ### |........| # -----@ #|.....|# #|.*.)%%!)(| ## # ---------- # |...|q #|.....|# #|.[))**."?| -----|- ### # |....# #|..>...# #|.."=.??[!| |.....| # ###|...| #-.....| #|.??%%...?| |.....-## #....| ------- #-...=+..!%| |.<...| |...| ----------- ------- ----- greben the Fighter Experience level: 6 Strength: 16 Dexterity: 10 Constitution: 19 Intelligence: 8 Wisdom: 12 Charisma: 11 Health: 0(74) Energy: 12(12) Def: 0 Gold: 310 Moves: 3439 Dungeon seed: v0UGP4kRHtsMlNBL Game ID: greben_1464185142 Your Inventory: Coins $ - 310 gold pieces Weapons b - an uncursed +0 dagger (in quiver) d - a blessed +0 long sword (weapon in hand) f - 27 uncursed +0 darts Armor q - an uncursed +0 elven mithril-coat Comestibles c - 2 uncursed food rations Potions j - an uncursed potion of fruit juice p - an uncursed potion of water r - an uncursed potion of hallucination s - an uncursed potion of object detection t - a blessed potion of invisibility x - a blessed potion of gain energy Tools v - an uncursed tin whistle y - an uncursed mirror z - an uncursed skeleton key Gems n - an uncursed worthless piece of white glass Spells and supernatural/magical abilities: Name Level Category Fail Memory W - pray for help -- divine ? -- Your skills at the end: Fighting Skills Weapon Skills dagger [Basic] long sword [Skilled] Spellcasting Skills Final Attributes: You were piously aligned. You were cold resistant. You were telepathic. You had infravision. You were stealthy. You are dead. Vanquished creatures: 3 small mimics a pony an elf zombie 2 floating eyes a hill orc a rothe a rabid rat a giant bat a monkey a wererat 2 iguanas 2 killer bees 2 acid blobs 3 coyotes 2 hobbits 3 manes a large kobold a hobgoblin a giant rat 3 cave spiders a brown mold a gnome zombie 3 geckos 3 jackals 3 foxes a kobold 2 goblins 2 sewer rats 6 grid bugs 2 lichens 9 newts 66 creatures vanquished. Voluntary challenges: You used a wielded weapon 72 times, starting on turn 86. You were illiterate. You never genocided any monsters. You never polymorphed an object. You never changed form. You used no wishes. You never split a pudding. You never wrote Elbereth's name. You violated your moral code, losing 38 points of alignment, starting on turn 1677. Dungeon overview: The Dungeons of Doom: levels 1 to 5 Level 1 a sink a long staircase Level 2 a general store, an altar to Odin, a fountain Level 3 an armor shop Level 4 stairs to The Gnomish Mines Level 5 <- You were here a general store, a fountain, a sink The Gnomish Mines: Level 5 stairs to The Dungeons of Doom History has recorded: On T:1 you entered the Dungeons of Doom to retrieve the Amulet of Yendor! On T:24 you reached level 2 of The Dungeons of Doom. On T:573 you reached level 3 of The Dungeons of Doom. On T:657 you advanced to experience level 2. On T:924 you advanced to experience level 3. On T:1528 you reached level 4 of The Dungeons of Doom. On T:1638 you advanced to experience level 4. On T:2186 you reached level 1 of The Gnomish Mines. On T:2332 you reached level 5 of The Dungeons of Doom. On T:2510 you advanced to experience level 5. On T:3383 you advanced to experience level 6. Score breakdown: Gold: 310 ( 8479 points) Experience: 6 levels (12456 points) Exploration: 5 levels ( 9.80%) ( 8485 points) Discoveries: 5 items ( 2.03%) ( 4276 points) Valuables value: (no points given unless you survive) Artifact value: 0 ( 0 points) Variety of kills: 31 monsters ( 8.14%) ( 8557 points) Turncount: 3439 turns ( -801 points) Survival: died (score multiplied by 80%) Total score: 33161 Latest messages: You miss the rothe. The rothe hits! The rothe bites! (2x) You die... Final status: Farvel greben the Valkyrie, killed by a rothe... You died in The Dungeons of Doom on dungeon level 5 with 33161 points, and 310 pieces of gold, after 3439 moves. You were level 6 with a maximum of 74 hit points when you died.